 Dungeon Crawl Stone Soup version 0.23-a0-586-gacb4b3f (console) character file.

195040 Duffy the Severer (level 18, -28/176 HPs)
             Began as a Naga Gladiator on Dec 19, 2018.
             Was the Champion of Makhleb.
             Killed from afar by a deep elf knight (63 damage)
             ... with a stone arrow
             ... on level 1 of the Elven Halls.
             The game lasted 00:40:36 (29075 turns).

Duffy the Severer (Naga Gladiator)                 Turns: 29075, Time: 00:40:37

Health: -28/176    AC: 42    Str: 24    XL:     18   Next: 32%
Magic:  15/25      EV:  7    Int: 12    God:    Makhleb [******]
Gold:   1243       SH:  0    Dex: 13    Spells: 17/17 levels left

rFire    + . .     SeeInvis +   a - +6 battleaxe (vamp)
rCold    . . .     Gourm    .   (shield currently unavailable)
rNeg     . . .     Faith    .   C - +8 orange crystal plate armour {Archmagi, Int+3 Clar}
rPois    +         Spirit   .   B - +0 helmet
rElec    .         Reflect  .   u - +0 cloak
rCorr    .         Harm     +   g - +2 pair of gloves {archery}
MR       +++..     Clarity  +   e - +4 naga barding {rF+}
Stlth    ..........             s - amulet of harm
HPRegen  0.39/turn              K - ring of protection from magic
MPRegen  0.19/turn              Z - +5 ring of evasion

@: corroded, very slow
A: large, see invisible, deformed body, poison resistance, slowness 2, slow
metabolism 1, spit poison 1, constrict 1, AC +6
}: 1/15 runes: gossamer
a: Spit Poison, Minor Destruction, Lesser Servant of Makhleb, Major Destruction,
Greater Servant of Makhleb, Renounce Religion


You were on level 1 of the Elven Halls.
You worshipped Makhleb.
Makhleb was exalted by your worship.
You were hungry.

You visited 5 branches of the dungeon, and saw 28 of its levels.
You also visited: Ice Cave.

You collected 3061 gold pieces.
You spent 1818 gold pieces at shops.

Inventory:

Hand Weapons
 a - a +6 vampiric battleaxe (weapon)
Missiles
 d - 8 throwing nets (quivered)
Armour
 e - a +4 naga barding of fire resistance (worn)
 g - a +2 pair of gloves of archery (worn)
 u - a +0 cloak (worn)
 B - a +0 helmet (worn)
 C - the +8 orange crystal plate armour (worn) {Archmagi, Int+3 Clar}
   (You acquired it on level 15 of the Dungeon)

   It affects your intelligence (+3).
   It protects you against confusion.
Jewellery
 b - an uncursed ring of protection from fire
 s - an amulet of harm (around neck)
 z - a +3 ring of slaying
 K - a ring of protection from magic (left hand)
 L - the ring "Biajafai" {rCorr rC+}
   (You found it on level 12 of the Dungeon)

   [ring of resist corrosion]

   It protects you from cold.
 Z - a +5 ring of evasion (right hand)
Wands
 j - a wand of enslavement (5)
 o - a wand of disintegration (5)
 p - a wand of digging (11)
 w - a wand of paralysis (3)
 D - a wand of flame (37)
 O - a wand of acid (36)
 T - a wand of polymorph (10)
 U - a wand of iceblast (7)
Scrolls
 i - 7 scrolls of remove curse
 l - 3 scrolls of fog
 r - 9 scrolls of teleportation
 t - a scroll of magic mapping
 y - 6 scrolls of blinking
 A - 6 scrolls of identify
 G - 2 scrolls of vulnerability
 J - 7 scrolls of immolation
 N - a scroll of brand weapon
 P - a scroll of summoning
 Q - a scroll of enchant armour
 S - 3 scrolls of silence
 W - 2 scrolls of fear
Potions
 c - 4 potions of might
 h - 5 potions of flight
 k - 2 potions of heal wounds
 m - 2 potions of agility
 n - 8 potions of mutation
 q - 3 potions of ambrosia
 v - 12 potions of curing
 E - 2 potions of berserk rage
 F - a potion of resistance
 M - 6 potions of haste
 R - 5 potions of cancellation
Miscellaneous
 x - a sack of spiders
 I - a box of beasts
Comestibles
 f - 32 rations


   Skills:
 + Level 14.4 Fighting
 - Level 20.0 Axes
 - Level 1.7 Throwing
 + Level 13.0 Armour
 - Level 2.4 Dodging
 - Level 10.0 Invocations
 - Level 10.0 Evocations


You had 17 spell levels left.
You didn't know any spells.
Your spell library contained the following spells:

 Spells                   Type           Power        Failure   Level  Hunger
 Corona                   Hex            #......      100%        1    ##.....
 Sandblast                Erth           #.....       100%        1    ##.....
 Shock                    Conj/Air       #...         100%        1    ##.....
 Blink                    Tloc           N/A          100%        2    ###....
 Corpse Rot               Necr           N/A          100%        2    ###....
 Passwall                 Tmut/Erth      #.......     100%        2    ###....
 Shroud of Golubria       Chrm/Tloc      #.........   100%        2    ###....
 Slow                     Hex            #.......     100%        2    ###....
 Sublimation of Blood     Necr           #.........   100%        2    ###....
 Swiftness                Chrm/Air       #.......     100%        2    ###....
 Gell's Gravitas          Tloc           #.........   100%        3    ####...
 Ignite Poison            Fire/Tmut/Pois #.......     100%        3    ####...
 Inner Flame              Hex/Fire       #.......     100%        3    ####...
 Lesser Beckoning         Tloc           #.........   100%        3    ####...
 Portal Projectile        Hex/Tloc       #.....       100%        3    ####...
 Static Discharge         Conj/Air       #.......     100%        3    ####...
 Stone Arrow              Conj/Erth      #.....       100%        3    ####...
 Teleport Other           Tloc           #.......     100%        3    ####...
 Airstrike                Air            #.........   100%        4    #####..
 Cause Fear               Hex            #.........   100%        4    #####..
 Leda's Liquefaction      Hex/Erth       #.........   100%        4    #####..
 Passage of Golubria      Tloc           N/A          100%        4    #####..
 Petrify                  Tmut/Erth      #.......     100%        4    #####..
 Agony                    Necr           #.......     100%        5    ######.
 Alistair's Intoxication  Tmut/Pois      #.......     100%        5    ######.
 Bolt of Draining         Conj/Necr      #.........   100%        5    ######.
 Dispel Undead            Necr           #.......     100%        5    ######.
 Excruciating Wounds      Chrm/Necr      #.........   100%        5    ######.
 Irradiate                Conj/Tmut      #.........   100%        5    ######.
 Lee's Rapid Deconstruct  Erth           #.........   100%        5    ######.
 Lightning Bolt           Conj/Air       #.........   100%        5    ######.
 Darkness                 Hex            #.........   100%        6    #######
 Invisibility             Hex            #.......     100%        6    #######


Dungeon Overview and Level Annotations

Branches:
Dungeon (15/15)            Temple (0/1) D:7            Lair (6/6) D:11
 Shoals (0/4) Lair:4       Spider (4/4) Lair:3        Slime (0/5) Lair:5
    Orc (2/2) D:9             Elf (1/3) Orc:2        Vaults (0/5) D:13
 Depths (0/5) D:15

Altars:
Dithmenos
Gozag
Hepliaklqana
Makhleb
Qazlal
Wu Jian
Yredelemnul

Shops:
Orc:2 *???

Annotations:
D:15 exclusion: Roxanne, Roxanne


Innate Abilities, Weirdness & Mutations

You cannot wear boots.
Your serpentine skin is tough. (AC +6)
You have supernaturally acute eyesight. (SInv)
Armour fits poorly on your strangely shaped body.
Your system is resistant to poisons. (rPois)
You cover ground very slowly.
You have a slow metabolism.
You can spit poison.
You can use your snake-like lower body to constrict enemies.


Message History

You are too injured to fight recklessly!
You are too injured to fight recklessly!
You are too injured to fight recklessly!
You are too injured to fight recklessly!
You are too injured to fight recklessly!
You are too injured to fight recklessly!
You are too injured to fight recklessly!
The deep elf knight seems less brilliant.
The deep elf knight hits you but does no damage.
The deep elf demonologist casts a spell.
The Brimstone Fiend hits you but does no damage.
The Brimstone Fiend hits you. The Brimstone Fiend barely misses you.
The deep elf archer hits you but does no damage.
The deep elf knight casts a spell.
The deep elf knight seems to speed up.
The lorocyproca hits you!
You feel your power leaking away.
The deep elf knight is empowered by the deep elf high priest's aura!
The deep elf knight gestures at you while chanting.
The stone arrow hits you!
You die...

8........8
8..}..(..8
##..#..#..#
#8e..$$...8
8E(e.....8
##oe#o0#..#
#8eeee*...8
#82@Yo....8
##41#''#++#
#e(Xe.....+
#.........#
#........)##
#........)'##
###(....###.#######
###.### ##'##...#+#
### ##.......#


You could see a Brimstone Fiend, a lorocyproca (invisible), a deep elf
demonologist, 2 deep elf archers, 2 deep elf knights, 2 deep elf high priests, a
large abomination, 2 deep elf magi, a fire elemental, a red devil, an ice beast,
2 dancing weapons, an orc priest, a battlesphere and 2 orcs.

Vanquished Creatures
  Arachne (Spider:2)
  Kirke (D:15)
  A frost giant (IceCv)
  4 emperor scorpions
  3 ghost moths
  2 entropy weavers
  A spark wasp (Spider:2)
  2 ogre magi (Orc:2)
  8 vault guards (D:13)
  6 hydras
  A catoblepas (Lair:6)
  The ghost of KristoblXynda the Fighter, a novice DrMo of Gozag (Lair:1)
  14 two-headed ogres
  6 centaur warriors
  An alligator (Lair:4)
  A deep troll shaman (Lair:6)
  14 death yaks
  3 dancing weapons (Elf:1)
  A deep elf knight (Elf:1)
  5 skeletal warriors (D:15)
  An unseen horror (shapeshifter) (D:15)
  2 unseen horrors
  2 deep trolls (Orc:2)
  A wizard (D:14)
  A glowing orange brain (D:15)
  A lindwurm (Lair:6)
  A wolf spider zombie (D:14)
  An orc knight (D:9)
  18 orb spiders
  7 deep elf magi
  4 ugly things
  41 wolf spiders
  An orc sorcerer (Elf:1)
  A wolf spider (shapeshifter) (D:15)
  7 cyclopes
  A moth of wrath (shapeshifter) (D:13)
  21 elephants
  4 moths of wrath
  3 black mambas
  An ice statue (IceCv)
  9 spiny frogs
  2 molten gargoyles (Lair:5)
  The ghost of Tungsten the Ruffian, a novice NaTm (D:5)
  3 centaur skeletons
  4 torpor snails
  Psyche (D:10)
  2 gargoyles
  3 rime drakes
  A freezing wraith (D:15)
  A yaktaur (shapeshifter) (Elf:1)
  6 demonic crawlers
  7 komodo dragons
  A wandering mushroom (Lair:6)
  A meliai (shapeshifter) (D:15)
  A polar bear (shapeshifter) (D:15)
  4 meliai
  Grinder (D:6)
  36 jumping spiders
  10 trolls
  5 blink frogs (Lair:4)
  A queen bee (Spider:1)
  11 hornets
  19 polar bears
  6 hippogriffs
  6 dream sheep (Lair:3)
  13 slime creatures
  A snapping turtle (Lair:4)
  22 tarantellas
  79 redbacks
  7 spriggans (D:10)
  A shadow (D:13)
  2 wraiths
  A wyvern (Lair:2)
  54 yaks
  A human (shapeshifter) (D:15)
  3 basilisks
  7 hungry ghosts
  5 hogs (D:15)
  4 wargs
  A soldier ant (D:12)
  12 water moccasins
  5 porcupines
  17 orc warriors
  3 sky beasts
  14 ice beasts
  Purgy (D:3)
  3 black bears
  2 hornet zombies
  A necrophage (D:11)
  31 ogres
  An eye of draining (D:13)
  33 wolves
  13 centaurs
  14 crocodiles
  2 elf zombies (D:15)
  3 big kobolds
  16 bullfrogs
  A wyvern zombie (D:13)
  7 gnoll sergeants
  A wyvern skeleton (D:13)
  6 scorpions
  A hornet simulacrum (D:14)
  18 killer bees
  26 wights
  6 electric eels
  2 howler monkeys (D:7)
  8 crimson imps
  5 bullfrog zombies
  5 lava snakes (Lair:5)
  5 centaur zombies
  10 jellies
  5 human zombies (D:15)
  12 orc priests
  4 bullfrog skeletons
  8 hounds
  Jessica (D:3)
  Terence (D:3)
  6 worker ants
  Ijyb (D:3)
  Natasha (twice) (D:3)
  5 iguanas
  14 orc wizards
  2 bullfrog simulacra
  A hound zombie (D:6)
  A mummy (D:15)
  A worker ant zombie (D:7)
  10 gnolls
  2 howler monkey skeletons
  3 howler monkey zombies
  14 adders
  A hound simulacrum (D:11)
  3 shadow imps
  2 white imps (D:11)
  4 oozes
  An adder skeleton (D:6)
  An adder zombie (D:6)
  4 worms
  4 dart slugs
  5 leopard geckos
  65 orcs
  5 ball pythons
  6 giant cockroaches
  11 goblins
  7 hobgoblins
  9 jackals
  13 kobolds
  10 quokkas
  6 frilled lizards
  2 leopard gecko skeletons
  2 leopard gecko zombies
  2 quokka skeletons
  A quokka zombie (D:6)
  6 rats
  10 fungi
  4 plants
1087 creatures vanquished.

Vanquished Creatures (collateral kills)
  The ghost of Rooheesk the Severer, a journeyman DDGl of Makhleb (Lair:4)
  A hydra (Lair:2)
  A death yak (Lair:2)
  A komodo dragon (Lair:2)
  A polar bear (Lair:2)
  A troll (Orc:2)
  A spriggan (Lair:2)
  3 porcupines
  2 ogres (Orc:2)
12 creatures vanquished.

Vanquished Creatures (others)
  2 deep elf knights (Elf:1)
  An orb spider (Spider:4)
  A rime drake (IceCv)
  3 orcs (Elf:1)
  A fungus (Lair:2)
  16 plants
24 creatures vanquished.

Grand Total: 1123 creatures vanquished

Notes
Turn   | Place    | Note
-------+----------+-------------------------------------------
     0 | D:1      | Duffy the Naga Gladiator began the quest for the Orb.
     0 | D:1      | Reached XP level 1. HP: 19/19 MP: 1/1
   372 | D:1      | Reached XP level 2. HP: 25/27 MP: 2/2
   935 | D:1      | Reached XP level 3. HP: 30/34 MP: 3/3
  1587 | D:2      | Found a burning altar of Makhleb.
  1594 | D:2      | Found a shadowy altar of Dithmenos.
  1604 | D:2      | Became a worshipper of Makhleb the Destroyer
  1718 | D:2      | Reached XP level 4. HP: 42/42 MP: 4/4
  2612 | D:2      | Reached skill level 4 in Axes
  2615 | D:2      | Reached XP level 5. HP: 32/50 MP: 5/5
  3327 | D:3      | Noticed Ijyb
  3341 | D:3      | Killed Ijyb
  3353 | D:3      | Noticed Terence
  3362 | D:3      | Killed Terence
  3371 | D:3      | Reached * piety under Makhleb
  3430 | D:3      | Reached XP level 6. HP: 50/58 MP: 6/6
  3596 | D:3      | Noticed Jessica
  3601 | D:3      | Killed Jessica
  3636 | D:3      | Noticed Purgy
  3638 | D:3      | Reached skill level 5 in Axes
  3646 | D:3      | Killed Purgy
  3646 | D:3      | Reached skill level 5 in Fighting
  3881 | D:3      | Noticed Natasha
  3889 | D:3      | Killed Natasha
  3928 | D:3      | Noticed Natasha
  3937 | D:3      | Killed Natasha
  4309 | D:4      | Reached XP level 7. HP: 59/68 MP: 7/7
  4384 | D:4      | Reached skill level 6 in Axes
  4546 | D:4      | Found an opulent altar of Gozag.
  5220 | D:5      | Entered Level 5 of the Dungeon
  5304 | D:5      | Reached XP level 8. HP: 39/78 MP: 8/8
  5473 | D:5      | Reached skill level 7 in Axes
  5520 | D:5      | Found a runed door.
  5526 | D:5      | Noticed Tungsten's ghost (novice NaTm)
  5588 | D:5      | Killed Tungsten's ghost
  5826 | D:5      | Reached ** piety under Makhleb
  5826 | D:5      | Reached skill level 8 in Axes
  6211 | D:6      | Reached XP level 9. HP: 28/88 MP: 9/9
  6470 | D:6      | Found a shadowy altar of Dithmenos.
  6630 | D:6      | Noticed Grinder
  6637 | D:6      | Killed Grinder
  6637 | D:6      | Reached skill level 9 in Axes
  6812 | D:6      | Found a hazy altar of Hepliaklqana.
  6997 | D:7      | Reached skill level 1 in Invocations
  7082 | D:7      | Noticed a hornet
  7087 | D:7      | Killed a hornet
  7112 | D:7      | Reached *** piety under Makhleb
  7350 | D:7      | Found a staircase to the Ecumenical Temple.
  7847 | D:8      | Reached skill level 1 in Evocations
  7911 | D:8      | Found a stormy altar of Qazlal.
  7965 | D:8      | Reached XP level 10. HP: 73/99 MP: 12/12
  8101 | D:8      | Found an ornate altar of the Wu Jian Council.
  8686 | D:9      | Reached skill level 10 in Axes
  8804 | D:9      | Reached skill level 10 in Fighting
  9114 | D:9      | Reached skill level 5 in Invocations
  9125 | D:9      | Reached **** piety under Makhleb
  9460 | D:9      | Found a staircase to the Orcish Mines.
  9810 | D:9      | Reached XP level 11. HP: 110/110 MP: 15/15
  9894 | D:9      | Reached skill level 1 in Armour
  9894 | D:9      | Reached skill level 5 in Evocations
  9903 | D:9      | Reached ***** piety under Makhleb
 10152 | D:10     | Entered Level 10 of the Dungeon
 10566 | D:10     | Reached skill level 11 in Axes
 10615 | D:10     | Noticed a two-headed ogre
 10622 | D:10     | Killed a two-headed ogre
 11029 | D:10     | Noticed Psyche
 11033 | D:10     | Killed Psyche
 11138 | D:10     | Noticed a two-headed ogre
 11150 | D:10     | Killed a two-headed ogre
 11911 | D:11     | Noticed a death yak
 11921 | D:11     | Killed a death yak
 11921 | D:11     | Reached skill level 12 in Axes
 11921 | D:11     | Reached skill level 5 in Armour
 11930 | D:11     | Reached XP level 12. HP: 106/117 MP: 16/16
 12209 | D:11     | Noticed a death yak
 12218 | D:11     | Killed a death yak
 12246 | D:11     | Found a staircase to the Lair.
 12722 | Lair:1   | Entered Level 1 of the Lair of Beasts
 12873 | Lair:1   | Reached skill level 13 in Axes
 13286 | Lair:1   | Found a runed gate.
 13286 | Lair:1   | Found a runed gate.
 13287 | Lair:1   | Found a runed gate.
 13289 | Lair:1   | Noticed KristoblXynda's ghost (novice DrMo)
 13301 | Lair:1   | Killed KristoblXynda's ghost
 13708 | Lair:2   | Identified a scroll of acquirement
 13973 | Lair:2   | Noticed a six-headed hydra
 13982 | Lair:2   | Killed a six-headed hydra
 14027 | Lair:2   | Noticed a death yak
 14028 | Lair:2   | Noticed a death yak
 14028 | Lair:2   | Noticed a death yak
 14029 | Lair:2   | Noticed a death yak
 14034 | Lair:2   | Killed a death yak
 14034 | Lair:2   | Gained mutation: You can use your snake-like lower body to
                  | constrict enemies. [Naga growth]
 14034 | Lair:2   | Reached XP level 13. HP: 124/124 MP: 17/17
 14041 | Lair:2   | Reached skill level 14 in Axes
 14666 | Lair:3   | Found a hole to the Spider Nest.
 14702 | Lair:3   | Found a frozen archway.
 14720 | IceCv    | Entered an ice cave
 15425 | IceCv    | Got an ichor-stained ring mail
 15436 | IceCv    | Identified the +6 ring mail "Tymiunt" {rF+ Dex+3} (You
                  | found it in an ice cave)
 15520 | IceCv    | Reached ****** piety under Makhleb
 15636 | IceCv    | Reached skill level 10 in Armour
 15723 | IceCv    | Noticed a frost giant
 15745 | IceCv    | Killed a frost giant
 16186 | Lair:3   | Reached XP level 14. HP: 116/133 MP: 20/20
 16832 | Lair:4   | Found a staircase to the Shoals.
 17128 | Lair:4   | Found a runed gate.
 17128 | Lair:4   | Found a runed gate.
 17146 | Lair:4   | Reached skill level 15 in Axes
 17153 | Lair:4   | Found a runed gate.
 17157 | Lair:4   | Noticed Rooheesk's ghost (journeyman DDGl)
 17172 | Lair:4   | Reached skill level 10 in Evocations
 17177 | Lair:4   | Killed Rooheesk's ghost
 17943 | Lair:5   | Found a staircase to the Slime Pits.
 18436 | Lair:6   | Entered Level 6 of the Lair of Beasts
 18629 | Lair:6   | Reached skill level 16 in Axes
 18660 | Lair:6   | Reached XP level 15. HP: 111/140 MP: 22/22
 19972 | Orc:1    | Entered Level 1 of the Orcish Mines
 20249 | Orc:2    | Entered Level 2 of the Orcish Mines
 20283 | Orc:2    | Found a staircase to the Elven Halls.
 20732 | Orc:2    | Found Bemy's Magic Scroll Boutique.
 20926 | Orc:2    | Found Linefoal's Magic Scroll Shop.
 20927 | Orc:2    | Found Cedoes's Magic Scroll Emporium.
 20929 | Orc:2    | Bought a scroll of blinking for 105 gold pieces
 20937 | Orc:2    | Found Noxof's General Store.
 21312 | Orc:2    | Bought a scroll of enchant weapon for 105 gold pieces
 21312 | Orc:2    | Bought a scroll of identify for 28 gold pieces
 21312 | Orc:2    | Bought a scroll of identify for 28 gold pieces
 21317 | Orc:2    | Bought a scroll of identify for 36 gold pieces
 21317 | Orc:2    | Bought a scroll of identify for 36 gold pieces
 21317 | Orc:2    | Bought a scroll of identify for 36 gold pieces
 21317 | Orc:2    | Bought a scroll of identify for 36 gold pieces
 21317 | Orc:2    | Bought a scroll of identify for 36 gold pieces
 21317 | Orc:2    | Bought a scroll of identify for 36 gold pieces
 21333 | Orc:2    | Bought a scroll of enchant weapon for 120 gold pieces
 21333 | Orc:2    | Bought a scroll of enchant weapon for 120 gold pieces
 21617 | D:12     | Reached skill level 17 in Axes
 21670 | D:12     | Got a vibrating lead ring
 21671 | D:12     | Identified the ring "Biajafai" {rCorr rC+} (You found it on
                  | level 12 of the Dungeon)
 22196 | D:13     | You fall through a shaft!
 22223 | D:14     | Found the +3 giant club "Skullcrusher" {speed, Str+7}
 22358 | D:14     | Reached XP level 16. HP: 152/152 MP: 23/23
 22611 | D:13     | Found a gate to the Vaults.
 23611 | D:15     | Entered Level 15 of the Dungeon
 23954 | D:15     | Noticed Kirke
 23956 | D:15     | Reached skill level 18 in Axes
 23972 | D:15     | Killed Kirke
 24100 | D:15     | Noticed Roxanne
 24252 | D:15     | Found a staircase to the Depths.
 24379 | D:15     | Found a basalt altar of Yredelemnul.
 24621 | D:15     | Found the +8 orange crystal plate armour {Archmagi, Int+3
                  | Clar}
 24813 | Orc:2    | Bought a scroll of acquirement for 728 gold pieces
 24832 | Orc:2    | Bought a scroll of identify for 32 gold pieces
 24832 | Orc:2    | Bought a scroll of identify for 32 gold pieces
 24832 | Orc:2    | Bought 2 scrolls of identify for 64 gold pieces
 24832 | Orc:2    | Bought a scroll of blinking for 120 gold pieces
 24832 | Orc:2    | Bought a scroll of blinking for 120 gold pieces
 25024 | Spider:1 | Entered Level 1 of the Spider Nest
 25167 | Spider:1 | You fall through a shaft!
 25299 | Spider:2 | Reached skill level 10 in Invocations
 25535 | Spider:2 | Noticed Arachne
 25553 | Spider:2 | Killed Arachne
 25733 | Spider:2 | Reached XP level 17. HP: 162/162 MP: 24/24
 25978 | Spider:2 | Reached skill level 19 in Axes
 27464 | Spider:3 | Reached skill level 20 in Axes
 27949 | Spider:4 | Entered Level 4 of the Spider Nest
 28168 | Spider:4 | Reached XP level 18. HP: 174/174 MP: 1/25
 28244 | Spider:4 | Got a gossamer rune of Zot
 29016 | Elf:1    | Entered Level 1 of the Elven Halls
 29070 | Elf:1    | Noticed a Brimstone Fiend
 29075 | Elf:1    | Killed from afar by a deep elf knight

Vault maps used:
D:1:      dpeg_arrival_leaves_temple_mockup
D:2:      amethyst_overflow_temple_binary
D:3:      minmay_pentangle, uniq_ijyb, uniq_purgy, uniq_jessica, uniq_natasha,
          uniq_terence
D:4:      nicolae_gozag_seed_capital
D:5:      first_ration, gammafunk_ghost_grave
D:6:      lemuel_coloured_pillars_altar, serial_undead, serial_undead_a,
          serial_undead_d, serial_undead_f, serial_undead_e,
          minmay_misc_feat_pillars, nicolae_dithmenos_the_darkroom, uniq_grinder
D:7:      minmay_temple_entry_overgrown
D:8:      nicolae_overflow_crystal_walls, nicolae_qazlal_general_emergency
D:9:      kennysheep_orc_monster_closet_entryway
D:10:     kb_forest_paths, grunt_ogre_cave, uniq_psyche
D:11:     david_lair_generic, serial_ice, serial_ice_f, serial_ice_b,
          serial_ice_h, serial_ice_k, serial_ice_g, serial_ice_a,
          nicolae_two_hexagons, kennysheep_small_square
D:12:     minmay_pinched_square
D:13:     erik_vaults_2
D:14:     serial_park_avenue1, serial_park, serial_park_tiny_2,
          serial_park_square3
D:15:     gammafunk_enter_depths_forms, lemuel_mausoleum_altar_yredelemnul,
          uniq_roxanne, uniq_kirke
Lair:1:   ebering_ghost_rock_garden, grunt_megastairs_1,
          infiniplex_staircase_pool_2, serial_bayou_shore_a
Lair:2:   grunt_forest_stairs_clearing
Lair:3:   spider_nest_entry_web_field, portal_ice_cave_entry_ice_beasts
Lair:4:   minmay_shoals_entry_hut, gammafunk_ghost_split, beast_lair_carwin_2
Lair:5:   cheibrodos_magma_flow, slime_dummy
Lair:6:   grunt_lair_end_beastmaster, grunt_megastairs_2, serial_bayou_shore_b
Spider:1: nicolae_looking_at_the_future
Spider:2: uniq_arachne
Spider:4: spider_rune_water
Orc:2:    st_orc_open
Elf:1:    orc_legates, grunt_megastairs_4, roderic_lattice_octagonal_star,
          uniq_donald
IceCv:    ice_cave_caverns_02

Skill      XL: |  1  2  3  4  5  6  7  8  9 10 11 12 13 14 15 16 17 18 |
---------------+-------------------------------------------------------+-----
Fighting       | 3 4 5 6 8 9 10 12 13 14 | 14.4
Axes           | 4 5 6 8 9 10 12 13 14 16 17 18 20 | 20.0
Invocations    | 3 6 8 10 | 10.0
Evocations     | 1 4 6 8 10 | 10.0
Armour         | 5 8 10 11 12 13 | 13.0
Throwing       | |  1.7
Dodging        | |  2.4

Action                   |  1- 3 |  4- 6 |  7- 9 | 10-12 | 13-15 | 16-18 || total
-------------------------+-------+-------+-------+-------+-------+-------++-------
Melee: Whip              |    84 |   205 |    47 |       |       |       ||   336
       War axe           |       |       |    36 |   328 |   190 |       ||   554
       Battleaxe         |       |       |   149 |   137 |   524 |   806 ||  1616
       Constrict         |       |       |       |       |   146 |   190 ||   336
Invok: Lesser Servant of |       |       |       |     5 |     4 |       ||     9
 Abil: Spit Poison       |       |     1 |     1 |     2 |       |       ||     4
Evoke: Wand              |       |       |     4 |    21 |    31 |    16 ||    72
  Use: Scroll            |       |       |       |    22 |    22 |     6 ||    50
 Stab: Distracted        |       |       |       |     2 |     3 |       ||     5
       Paralysed         |       |       |       |       |       |    19 ||    19
  Eat: Chunk             |     2 |     7 |     7 |    19 |    14 |     6 ||    55
       Ration            |       |       |     1 |       |     5 |     5 ||    11
Armor: Leather armour    |     1 |       |       |       |       |       ||     1
       Chain mail        |    29 |    82 |       |       |       |       ||   111
       Troll leather arm |       |    18 |   104 |    67 |       |       ||   189
       Plate armour      |       |       |       |   253 |   716 |   178 ||  1147
       Crystal plate arm |       |       |       |       |       |   833 ||   833
Dodge: Dodged            |    19 |    58 |   136 |   163 |   222 |   372 ||   970

Table legend:
 A = Non-vault XP
 B = Vault XP
 C = Vault XP percentage of total XP
 D = Non-vault monster count
 E = Vault monster count
 F = Vault count percentage of total count
                 A         B        C        D         E       F
            +---------+---------+-------+---------+---------+-------
      Total |  154896 |  112706 |  42.1 |     748 |     340 |  31.2
            +---------+---------+-------+---------+---------+-------
        D:1 |      45 |       0 |   0.0 |      19 |       0 |   0.0
        D:2 |     130 |       0 |   0.0 |      30 |       0 |   0.0
        D:3 |     135 |     284 |  67.8 |      19 |      12 |  38.7
        D:4 |     450 |       0 |   0.0 |      18 |       0 |   0.0
        D:5 |     766 |     426 |  35.7 |      23 |       1 |   4.2
        D:6 |     679 |     315 |  31.7 |      21 |       5 |  19.2
        D:7 |     969 |       0 |   0.0 |      16 |       0 |   0.0
        D:8 |     735 |       0 |   0.0 |      18 |       0 |   0.0
        D:9 |    3998 |    1820 |  31.3 |      56 |      20 |  26.3
       D:10 |    2894 |    3870 |  57.2 |      29 |      17 |  37.0
       D:11 |    3304 |    4024 |  54.9 |      34 |      17 |  33.3
       D:12 |    3565 |    5147 |  59.1 |      22 |      15 |  40.5
       D:13 |    9086 |    7988 |  46.8 |      44 |       8 |  15.4
       D:14 |    8534 |    1774 |  17.2 |      24 |       6 |  20.0
       D:15 |   11028 |    8059 |  42.2 |      32 |      27 |  45.8
     Lair:1 |    2482 |    1403 |  36.1 |      12 |       3 |  20.0
     Lair:2 |    8250 |     714 |   8.0 |      24 |       6 |  20.0
     Lair:3 |    7759 |    1034 |  11.8 |      26 |       8 |  23.5
     Lair:4 |    8171 |    7190 |  46.8 |      28 |      12 |  30.0
     Lair:5 |    1712 |    1097 |  39.1 |       7 |       7 |  50.0
     Lair:6 |    6751 |    8845 |  56.7 |      18 |      18 |  50.0
   Spider:1 |   14481 |    1857 |  11.4 |      39 |      15 |  27.8
   Spider:2 |   22118 |    3720 |  14.4 |      51 |       1 |   1.9
   Spider:3 |   19443 |       0 |   0.0 |      65 |       0 |   0.0
   Spider:4 |   11942 |   21766 |  64.6 |      34 |      41 |  54.7
      Orc:1 |    1862 |       0 |   0.0 |      30 |       0 |   0.0
      Orc:2 |    1598 |   15242 |  90.5 |       6 |      37 |  86.0
      Elf:1 |    2009 |    3111 |  60.8 |       3 |      11 |  78.6
      IceCv |       0 |   13020 | 100.0 |       0 |      53 | 100.0
            +---------+---------+-------+---------+---------+-------
